 Dungeon Crawl Stone Soup version 0.24-a0-355-gbe4061de67 (webtiles) character file.

Game seed: 3811983166724574300

97 PgLoLo the Skirmisher (level 4, -9/29 HPs)
             Began as a Gargoyle Fighter on May 24, 2019.
             Killed from afar by Crazy Yiuf (14 damage)
             ... with a puff of flame
             ... on level 2 of the Dungeon.
             The game lasted 00:01:54 (1222 turns).

PgLoLo the Skirmisher (Gargoyle Fighter)            Turns: 1222, Time: 00:01:55

Health: -9/29      AC: 10    Str: 21    XL:     4   Next: 68%
Magic:  3/4        EV:  7    Int:  8    God:
Gold:   132        SH:  9    Dex:  9    Spells: 3/3 levels left

rFire    . . .     SeeInvis .   a - +0 war axe
rCold    . . .     Gourm    .   c - +0 shield
rNeg     + . .     Faith    .   b - +0 scale mail
rPois    ∞         Spirit   .   (no helmet)
rElec    +         Reflect  .   (no cloak)
rCorr    .         Harm     .   (no gloves)
MR       .....                  (no boots)
Stlth    ..........             (no amulet)
HPRegen  0.09/turn              (no ring)
MPRegen  0.09/turn              (no ring)

@: no status effects
A: negative energy resistance 1, electricity resistance, unbreathing,
petrification resistance, rot immunity, AC +3
a: no special abilities


You were on level 2 of the Dungeon.
You were not hungry.

You visited 1 branch of the dungeon, and saw 2 of its levels.

You collected 132 gold pieces.

Inventory:

Hand Weapons
 a - a +0 war axe (weapon)
Missiles
 p - 3 javelins (quivered)
Armour
 b - a +0 scale mail (worn)
 c - a +0 shield (worn)
Jewellery
 l - an uncursed amulet of the acrobat {unknown}
 t - an uncursed ring of flight {unknown}
Scrolls
 e - 2 scrolls of teleportation {unknown}
 i - 5 scrolls of identify {unknown}
 m - a scroll of enchant armour {unknown}
 o - a scroll of amnesia {unknown}
 q - a scroll of fog {unknown}
 r - a scroll of random uselessness {unknown}
Potions
 d - a potion of might
 g - a potion of magic {unknown}
 h - a potion of curing {unknown}
 j - a potion of brilliance {unknown}
 k - a potion of degeneration {unknown}
 s - a potion of agility {unknown}
Comestibles
 f - a ration
 n - a chunk of flesh


   Skills:
 + Level 4.0 Fighting
 * Level 2.9 Axes
 + Level 3.9 Armour
 + Level 3.9 Shields


You had 3 spell levels left.
You didn't know any spells.
Your spell library was empty.

Dungeon Overview and Level Annotations

Branches:
Dungeon (2/15)

Altars:

Annotations:
D:2 Crazy Yiuf


Innate Abilities, Weirdness & Mutations

You are resistant to torment.
Your stone body is resilient. (AC +3)
You are immune to poison.
You resist negative energy. (rN+)
You are resistant to electric shocks. (rElec)
You can survive without breathing.
You are immune to petrification.
You are immune to rotting.


Message History

Crazy Yiuf flaps his cloak.
You block Crazy Yiuf's attack.
You hit Crazy Yiuf.
Crazy Yiuf is moderately wounded.
Crazy Yiuf zaps a wand.
The puff of flame hits you.
* * * LOW HITPOINT WARNING * * *
You closely miss Crazy Yiuf.
Crazy Yiuf is moderately wounded.
Crazy Yiuf hits you with a +3 quarterstaff of chaos.
* * * LOW HITPOINT WARNING * * *
You are too injured to fight recklessly!
Your shield and scale mail prevent you from hitting Crazy Yiuf.
Crazy Yiuf is moderately wounded.
Crazy Yiuf zaps a wand.
You block the puff of flame. You block Crazy Yiuf's attack.
You closely miss Crazy Yiuf.
Crazy Yiuf is moderately wounded.
Crazy Yiuf says, "Shadow!
Line King illywillydillykilly."
Crazy Yiuf zaps a wand.
The puff of flame hits you!
You die...

###.##.# #....#
# ##...#####
♣....♣ #.......#
♣♣...♣ #
##...###.# ♣♣.♣♣
###........#
♣♣.♣
...##..###.#
♣.♣♣
.......###.#
♣♣.♣
....>......#
♣.♣♣
.####.####.# #@#
.# #.# #.# #.g.#
.# #.####.#
#...# ### ##
#......# #)..#
#.# ######.#
##### #.## #.#
#..#
#.###########..#
##........#.#..#
##....#####....#


You could see Crazy Yiuf.

Vanquished Creatures
  A water moccasin skeleton (D:2)
  2 adders (D:2)
  A worm (D:2)
  A dart slug (D:1)
  A ball python (D:1)
  5 bats
  3 giant cockroaches
  3 hobgoblins
  4 kobolds
  5 frilled lizards
  A rat (D:2)
27 creatures vanquished.

Notes
Turn   | Place    | Note
-------+----------+-------------------------------------------
     0 | D:1      | PgLoLo the Gargoyle Fighter began the quest for the Orb.
     0 | D:1      | Reached XP level 1. HP: 14/14 MP: 1/1
   110 | D:1      | Reached XP level 2. HP: 14/19 MP: 2/2
   613 | D:2      | Reached XP level 3. HP: 15/23 MP: 3/3
   747 | D:2      | Reached XP level 4. HP: 23/29 MP: 4/4
   890 | D:2      | Reached skill level 4 in Fighting
  1108 | D:2      | Found a runed translucent door.
  1109 | D:2      | Noticed Crazy Yiuf
  1222 | D:2      | Killed from afar by Crazy Yiuf

Levels and vault maps discovered:
D:1:      dpeg_arrival_arbitrary_a, layout_basic, minmay_tree_intersection
D:2:      layout_loops_ring, uniq_crazy_yiuf_cottage

Skill      XL: |  1  2  3  4 |
---------------+-------------+-----
Axes           | 2 |  2.9
Fighting       | 4 |  4.0
Armour         | |  3.9
Shields        | |  3.9

Action                   |  1- 3 |  4- 6 || total
-------------------------+-------+-------++-------
Melee: War axe           |    73 |    37 ||   110
Throw: Javelin           |       |     4 ||     4
  Eat: Chunk             |       |     1 ||     1
Armor: Scale mail        |    40 |    19 ||    59
Dodge: Dodged            |    23 |     9 ||    32
Block: Shield            |    36 |    24 ||    60

Table legend:
 A = Non-vault XP
 B = Vault XP
 C = Vault XP percentage of total XP
 D = Non-vault monster count
 E = Vault monster count
 F = Vault count percentage of total count
                 A         B        C        D         E       F
            +---------+---------+-------+---------+---------+-------
      Total |     139 |       0 |   0.0 |      27 |       0 |   0.0
            +---------+---------+-------+---------+---------+-------
        D:1 |      20 |       0 |   0.0 |      10 |       0 |   0.0
        D:2 |     119 |       0 |   0.0 |      17 |       0 |   0.0
            +---------+---------+-------+---------+---------+-------
